 Dungeon Crawl Stone Soup version 0.28-a0-21-gf74fda84f9 (webtiles) character file.

Game seed: 17868793163416403868

387 DocClef the Covert (level 6, -4/53 HPs)
             Began as a Gnoll Delver on July 26, 2021.
             Slain by Terence (6 damage)
             ... on level 2 of the Dungeon.
             The game lasted 00:01:45 (1810 turns).

DocClef the Covert (Gnoll Delver)                   Turns: 1810, Time: 00:01:46

Health: -4/53      AC:  3    Str: 13    XL:     6   Next: 78%
Magic:  9/9        EV: 13    Int: 10    God:
Gold:   27         SH:  0    Dex: 13    Spells: 9/9 levels left

rFire   . . .      SeeInvis .   k - +0 morningstar
rCold   . . .      Faith    .   (no shield)
rNeg    . . .      Spirit   .   b - +0 leather armour
rPois   .          Reflect  .   (no helmet)
rElec   .          Harm     .   (no cloak)
rCorr   .          Rampage  .   (no gloves)
Will    .....                   (no boots)
Stlth   ++++......              (no amulet)
HPRegen 0.17/turn               (no ring)
MPRegen 0.11/turn               (no ring)

@: no status effects
A: fangs 1, strong nose, distributed training
a: no special abilities


You were on level 2 of the Dungeon.
You visited 1 branch of the dungeon, and saw 4 of its levels.

You collected 27 gold pieces.

Inventory:

Hand Weapons
 a - a +0 short sword
 k - a +0 morningstar (weapon)
Armour
 b - a +0 leather armour (worn)
Jewellery
 i - a ring of flight
Wands
 g - a wand of digging (3)
 h - a wand of acid (4)
Scrolls
 c - 4 scrolls of fog
 d - a scroll of magic mapping
 e - a scroll of fear
Potions
 f - a potion of haste
 j - 2 potions of curing
 l - 2 potions of attraction {unknown}


   Skills:
 + Level 6.9 Fighting
 + Level 5.0 Short Blades
 + Level 2.1 Long Blades
 + Level 2.1 Axes
 + Level 2.1 Maces & Flails
 + Level 2.1 Polearms
 + Level 2.1 Staves
 + Level 2.1 Slings
 + Level 2.1 Bows
 + Level 2.1 Crossbows
 + Level 2.1 Throwing
 + Level 2.1 Armour
 + Level 5.0 Dodging
 + Level 9.8 Stealth
 + Level 2.1 Shields
 + Level 2.1 Unarmed Combat
 + Level 2.1 Spellcasting
 + Level 1.6 Conjurations
 + Level 1.6 Hexes
 + Level 1.6 Summonings
 + Level 1.6 Necromancy
 + Level 1.6 Translocations
 + Level 1.6 Transmutations
 + Level 1.6 Fire Magic
 + Level 1.6 Ice Magic
 + Level 1.6 Air Magic
 + Level 1.6 Earth Magic
 + Level 1.6 Poison Magic
 + Level 2.3 Invocations
 + Level 2.1 Evocations


You had 9 spell levels left.
You didn't know any spells.
Your spell library contained the following spells:

 Spells                   Type           Power      Damage    Failure   Level
 Foxfire                  Conj/Fire      16%        2x1d4     21%         1
 Summon Small Mammal      Summ           16%        N/A       21%         1
 Call Canine Familiar     Summ           4%         N/A       52%         3
 Conjure Flame            Conj/Fire      4%         6-21      52%         3
 Ignite Poison            Fire/Tmut/Pois 4%         N/A       52%         3
 Inner Flame              Hex/Fire       4%         N/A       52%         3
 Summon Guardian Golem    Hex/Summ       4%         N/A       52%         3
 Sticky Flame             Conj/Fire      4%         2d3       89%         4


Dungeon Overview and Level Annotations

Branches:
Dungeon (5/15)
 Temple: D:4-7

Altars:

Annotations:
D:2 Terence


Innate Abilities, Weirdness & Mutations

You have very sharp teeth.
Your uncanny sense of smell can sniff out nearby items.
Your experience applies equally to all skills.


Message History

Terence zaps a wand.
The puff of flame hits you.
Terence zaps a wand.
The puff of flame hits you.
You are too injured to fight recklessly!
You are too injured to fight recklessly!
You are too injured to fight recklessly!
You are too injured to fight recklessly!
You are too injured to fight recklessly!
You are too injured to fight recklessly!
You are too injured to fight recklessly!
You are too injured to fight recklessly!
You are too injured to fight recklessly!
You are too injured to fight recklessly!
You are too injured to fight recklessly!
You are too injured to fight recklessly!
You are too injured to fight recklessly!
You are too injured to fight recklessly!
You are too injured to fight recklessly!
You are too injured to fight recklessly!
You are too injured to fight recklessly!
You completely miss Terence.
Terence is heavily wounded.
Terence zaps a wand.
The puff of flame hits you!
* * * LOW HITPOINT WARNING * * *
You closely miss Terence.
Terence is heavily wounded.
Terence zaps a wand.
The puff of flame hits you!
* * * LOW HITPOINT WARNING * * *
You barely miss Terence.
Terence is heavily wounded.
Terence hits you with a +0 short sword.
* * * LOW HITPOINT WARNING * * *
Terence closely misses you.
You barely miss Terence.
Terence is heavily wounded.
Terence closely misses you.
You hit Terence. Your bite misses Terence.
Terence is severely wounded.
Terence shouts, "DIE!!!"
Terence hits you with a +0 short sword.
You die...

# #### #. ...#
#.####...# ∆
........#
#@.....#
###.#<@....#
....>......[+
####.###†...####
#............
#####........ .#
#.####### .# #.#
#.# #.###### #.#
#.#....# #.#


You could see Terence.

Vanquished Creatures
  A black bear (D:5)
  A necrophage (D:5)
  2 hounds
  Jessica (D:2)
  Natasha (twice) (D:2)
  An orc wizard (D:4)
  2 adders
  A white imp (D:5)
  An ufetubus (D:5)
  A dart slug (D:5)
  3 orcs (D:4)
  2 bats (D:2)
  A giant cockroach (D:2)
  3 jackals (D:5)
  2 quokkas
  2 ball pythons
  A goblin (D:2)
  A kobold (D:2)
  A rat (D:2)
29 creatures vanquished.

Notes
Turn   | Place    | Note
-------+----------+-------------------------------------------
     0 | D:5      | Reached skill level 9 in Stealth
     0 | D:5      | DocClef the Gnoll Delver began the quest for the Orb.
     0 | D:5      | Reached XP level 1. HP: 23/23 MP: 1/1
     3 | D:5      | Noticed a black bear
     9 | D:5      | Killed a black bear
    10 | D:5      | Reached skill level 1 in Long Blades
    10 | D:5      | Reached skill level 1 in Axes
    10 | D:5      | Reached skill level 1 in Maces & Flails
    10 | D:5      | Reached skill level 1 in Polearms
    10 | D:5      | Reached skill level 1 in Staves
    10 | D:5      | Reached skill level 1 in Slings
    10 | D:5      | Reached skill level 1 in Bows
    10 | D:5      | Reached skill level 1 in Crossbows
    10 | D:5      | Reached skill level 1 in Throwing
    10 | D:5      | Reached skill level 1 in Armour
    10 | D:5      | Reached skill level 1 in Shields
    10 | D:5      | Reached skill level 1 in Unarmed Combat
    10 | D:5      | Reached skill level 1 in Spellcasting
    10 | D:5      | Reached skill level 1 in Conjurations
    10 | D:5      | Reached skill level 1 in Hexes
    10 | D:5      | Reached skill level 1 in Summonings
    10 | D:5      | Reached skill level 1 in Necromancy
    10 | D:5      | Reached skill level 1 in Translocations
    10 | D:5      | Reached skill level 1 in Transmutations
    10 | D:5      | Reached skill level 1 in Fire Magic
    10 | D:5      | Reached skill level 1 in Ice Magic
    10 | D:5      | Reached skill level 1 in Air Magic
    10 | D:5      | Reached skill level 1 in Earth Magic
    10 | D:5      | Reached skill level 1 in Poison Magic
    10 | D:5      | Reached skill level 1 in Invocations
    10 | D:5      | Reached skill level 1 in Evocations
    10 | D:5      | Reached XP level 2. HP: 29/29 MP: 1/3
    10 | D:5      | Reached XP level 3. HP: 35/35 MP: 1/4
    10 | D:5      | Reached XP level 4. HP: 41/41 MP: 1/5
    50 | D:5      | Reached XP level 5. HP: 32/47 MP: 4/6
   444 | D:5      | Noticed a necrophage
   451 | D:5      | Killed a necrophage
   485 | D:5      | Reached XP level 6. HP: 17/53 MP: 8/8
  1110 | D:4      | Reached skill level 5 in Short Blades
  1110 | D:4      | Reached skill level 5 in Dodging
  1343 | D:2      | Noticed Natasha
  1351 | D:2      | Killed Natasha
  1483 | D:2      | Noticed Natasha
  1507 | D:2      | Killed Natasha
  1632 | D:2      | Noticed Jessica
  1637 | D:2      | Killed Jessica
  1790 | D:2      | Noticed Terence
  1808 | D:2      | HP: 1/53 [Terence (2)]
  1810 | D:2      | Slain by Terence

Illustrated notes

Levels and vault maps discovered:
D:2:      layout_basic, minmay_misc_feat_x, kennysheep_generic_room_11,
          uniq_natasha, uniq_jessica, uniq_terence
D:3:      layout_rooms, grunt_ministairs_1
D:4:      layout_loops_ring, st_stairs_9, lexackson_kobold_supper
D:5:      layout_layer_cave, gammafunk_temple_overflow_statue,
          minmay_temple_entry_fiery

Skill      XL: |  1  2  3  4  5  6 |
---------------+-------------------+-----
Stealth        | |  9.8
Long Blades    | 1 2 |  2.1
Axes           | 1 2 |  2.1
Maces & Flails | 1 2 |  2.1
Polearms       | 1 2 |  2.1
Staves         | 1 2 |  2.1
Slings         | 1 2 |  2.1
Bows           | 1 2 |  2.1
Crossbows      | 1 2 |  2.1
Throwing       | 1 2 |  2.1
Armour         | 1 2 |  2.1
Shields        | 1 2 |  2.1
Unarmed Combat | 1 2 |  2.1
Spellcasting   | 1 2 |  2.1
Conjurations   | 1 |  1.6
Hexes          | 1 |  1.6
Summonings     | 1 |  1.6
Necromancy     | 1 |  1.6
Translocations | 1 |  1.6
Transmutations | 1 |  1.6
Fire Magic     | 1 |  1.6
Ice Magic      | 1 |  1.6
Air Magic      | 1 |  1.6
Earth Magic    | 1 |  1.6
Poison Magic   | 1 |  1.6
Invocations    | 1 2 |  2.3
Evocations     | 1 2 |  2.1
Short Blades   | 5 |  5.0
Dodging        | 5 |  5.0
Fighting       | |  6.9

Action                   |  1- 3 |  4- 6 || total
-------------------------+-------+-------++-------
Melee: Short sword       |     1 |   112 ||   113
       Bite              |       |    12 ||    12
       Morningstar       |       |    40 ||    40
 Stab: Sleeping          |     1 |     6 ||     7
Armor: Leather armour    |       |    28 ||    28
Dodge: Dodged            |       |   111 ||   111

Table legend: (Time is in decaauts)
 A = Elapsed time spent in this place.
 B = Non-inter-level travel time spent in this place.
 C = Inter-level travel time spent in this place.
 D = Time resting spent in this place.
 E = Time spent auto-exploring this place.
 F = Levels seen in this place.
 G = Mean time per level.
                   A        B        C        D        E       F      G
               +--------+--------+--------+--------+--------+-----+--------+
         Total |   1808 |   1808 |      0 |    382 |   1142 |   4 |  452.0 |
       Dungeon |   1808 |   1808 |      0 |    382 |   1142 |   4 |  452.0 |
               +--------+--------+--------+--------+--------+-----+--------+

Top non-repeatable levels by time:
     D:5: 800 daAuts
     D:2: 563 daAuts
     D:4: 310 daAuts
     D:3: 134 daAuts
